 Dungeon Crawl Stone Soup version 0.31-a0-816-gd61d57ddb1 (webtiles) character file.

Game seed: 10501445148229196377

34876 CrazyBamboolord the Grappler (level 13, -1/159 HPs)
             Began as a Troll Shapeshifter on Sept 22, 2023.
             Was a High Priest of Ru.
             Slain by a wolf (9 damage)
             ... on level 4 of the Lair of Beasts.
             The game lasted 00:37:57 (15455 turns).

CrazyBamboolord the Grappler (Troll Shapeshifter)  Turns: 15455, Time: 00:37:57

Health: -1/159     AC:  9    Str: 40    XL:     13   Next: 44%
Magic:  12/12      EV: 12    Int:  6    God:    Ru [*****.]
Gold:   1138       SH:  0    Dex:  9    Spells: 12/12 levels left

rFire   . .          .
                       - Unarmed
rCold   . . .        (shield currently unavailable)
rNeg    . . .        K - melded +0 fire dragon scales
rPois   .            (helmet currently unavailable)
rElec   +            y - melded +2 cloak
rCorr   .            (gloves unavailable)
SInv    .            (boots unavailable)
Will    .....        i - amulet of the Air {Inacc Air Fly rElec RMsl} Stlth
                     J - +6 ring of strength
HPRegen 1.26/turn    A - +4 ring of slaying
MPRegen 0.13/turn

%: inaccuracy (-10), repel missiles
@: mighty, lethally poisoned (-1 -> -2), snake-form, flying
A: constrict, boosted hp, large, unfitting armour, (claws 3), regeneration 1,
(shaggy fur 1), (tough skin 1), no stealth, hated by all, weak-willed 1, missing
an eye
a: Begin Untransformation, Renounce Religion, Draw Out Power, Power Leap,
Apocalypse


You were on level 4 of the Lair of Beasts.
You worshipped Ru.
Ru was extremely pleased with you.
You were an enormous anaconda.
You visited 2 branches of the dungeon, and saw 15 of its levels.
You also visited: Gauntlet.

You collected 1138 gold pieces.

Inventory:

Missiles
 v - a throwing net
 E - 14 javelins
Armour
 r - a +1 cloak of willpower
 y - a +2 cloak (melded)
 I - a +0 troll leather armour
 K - +0 fire dragon scales (melded)
Jewellery
 e - a ring of ice
 i - the amulet of the Air (around neck) {Inacc Air Fly rElec RMsl}
   (You found it in a Gauntlet)

   [amulet of nothing]

   Inacc:     It reduces the accuracy of your attacks and spells.
   Air:       It enhances your air magic.
   rElec:     It insulates you from electricity.
   Fly:       It grants you flight.
   RMsl:      It protects you from missiles.
 s - a ring of fire
 u - a ring of ice
 A - a +4 ring of slaying (right hand)
 J - a +6 ring of strength (left hand)
 T - a +4 ring of slaying
Talismans
 c - a beast talisman
 d - a flux talisman
 f - a serpent talisman (active)
 M - a blade talisman
Wands
 o - a wand of mindburst (27)
 x - a wand of polymorph (10)
 z - a wand of flame (80)
 C - a wand of iceblast (17)
 H - a wand of paralysis (10)
Scrolls
 b - a scroll of vulnerability
 g - 2 scrolls of torment
 l - 4 scrolls of enchant weapon
 p - 2 scrolls of enchant armour
 q - 5 scrolls of teleportation
 F - a scroll of blinking
 L - 2 scrolls of fog {unknown}
 O - a scroll of acquirement {unknown}
 Q - a scroll of poison
 R - a scroll of noise {unknown}
 S - a scroll of silence {unknown}
Potions
 a - a potion of resistance {unknown}
 h - 2 potions of mutation
 j - 3 potions of curing
 m - 3 potions of enlightenment {unknown}
 n - 2 potions of brilliance {unknown}
 t - 2 potions of cancellation {unknown}
 w - a potion of haste
 B - 3 potions of invisibility {unknown}
 D - 2 potions of magic {unknown}
 G - a potion of degeneration {unknown}
 N - a potion of heal wounds
 P - a potion of attraction {unknown}


   Skills:
 * Level 9.9 Fighting
 + Level 3.1 Throwing
 * Level 10.0 Dodging
 * Level 12.0 Unarmed Combat
 * Level 11.2 Shapeshifting


You had 12 spell levels left.
You didn't know any spells.
Your spell library contained the following spells:

 Spells                   Type           Power      Damage    Failure   Level
 Foxfire                  Conj/Fire      0%         2x1d4     45%         1
 Freeze                   Ice            0%         1d3       45%         1
 Magic Dart               Conj           0%         1d3       45%         1
 Shock                    Conj/Air       0%         1d3       45%         1
 Blink                    Tloc           0%         N/A       58%         2
 Lesser Beckoning         Tloc           0%         N/A       58%         2
 Momentum Strike          Conj/Tloc      0%         3d8       58%         2
 Scorch                   Fire           0%         2d5       58%         2
 Searing Ray              Conj           0%         2d4       58%         2
 Frozen Ramparts          Ice            0%         1d1       83%         3
 Gell's Gravitas          Tloc           0%         N/A       83%         3
 Hailstorm                Conj/Ice       0%         3d3       83%         3
 Ozocubu's Armour         Ice            0%         N/A       83%         3
 Sigil of Binding         Hex            0%         N/A       83%         3
 Swiftness                Air            0%         N/A       83%         3
 Teleport Other           Tloc           0%         N/A       83%         3
 Volatile Blastmotes      Fire/Tloc      0%         2d10      83%         3
 Airstrike                Air            0%         2d(0-16)  99%         4
 Anguish                  Hex/Necr       0%         N/A       99%         4
 Dimensional Bullseye     Hex/Tloc       0%         N/A       99%         4
 Flame Wave               Conj/Fire      0%         2d4       99%         4
 Fulminant Prism          Conj/Hex       0%         3d5       99%         4
 Iskenderun's Mystic Bla  Conj/Tloc      0%         2d3       99%         4
 Metabolic Englaciation   Hex/Ice        0%         N/A       100%        5
 Silence                  Hex/Air        0%         N/A       100%        5
 Dispersal                Tloc           0%         N/A       100%        6
 Plasma Beam              Fire/Air       0%         2x1d10    100%        6
 Starburst                Conj/Fire      0%         6d3       100%        6
 Borgnjor's Revivificati  Necr           0%         N/A       100%        8
 Death's Door             Necr           0%         N/A       100%        9
 Tukima's Dance           Hex            Unusable   N/A       N/A         3
 Simulacrum               Ice/Necr       Unusable   N/A       N/A         6
 Summon Cactus Giant      Summ           Unusable   N/A       N/A         6
 Haunt                    Necr/Summ      Unusable   N/A       N/A         7

Dungeon Overview and Level Annotations

Branches:
Dungeon (11/15)            Temple (0/1) D:7            Lair (4/5) D:10
 Shoals (0/4) Lair:3        Snake (0/4) Lair:2      Gauntlet (visited)
  Slime: Lair:4-5       Orc: D:9-12

Altars:
Ashenzari
Cheibriados
Dithmenos
Elyvilon
Gozag
Nemelex Xobeh
Okawaru
Qazlal
Ru
Trog
Wu Jian
Xom

Shops:
D:9 [

Annotations:
D:10 2 runed translucent doors, Vontreibholz's ghost, journeyman MiFi
Lair:2 2 transporters, Rakso2454's ghost, journeyman MiMo


Innate Abilities, Weirdness & Mutations

You are an enormous anaconda.
You have a powerful constriction melee attack.
Your maximum health is increased.
Your armour is entirely melded.
You are incapable of wielding weapons or throwing items.
You are too large for most types of armour.
((You have claws for hands.))
Your natural rate of healing is unusually fast.
((You are covered in fur. (AC +1)))
((You have tough skin. (AC +1)))
You cannot be stealthy.
You are hated by all.
You are slightly weak-willed. (Will-)
You are missing an eye, making it more difficult to aim.


Message History

The water moccasin is moderately wounded.
The water moccasin bites you.
* * * LOW HITPOINT WARNING * * *
You are poisoned.
The water moccasin poisons you!
You body-slam the water moccasin!!
You kill the water moccasin!
You feel very sick.
You miss the wolf. Your grab misses the wolf.
You feel sick. The wolf bites you!
* * * LOW HITPOINT WARNING * * *
The wolf barely misses you.
You closely miss the wolf. Your grab misses the wolf.
You feel sick.
You redirect the wolf's attack!
The wolf bites itself.
Lash: -) Nothing wielded
Press: ? - help, Dir - move target Your weapon can't reach that far!
Okay, then.
You miss the wolf. Your grab misses the wolf.
The wolf is moderately wounded.
You feel sick.
The wolf is stunned by your conviction and fails to attack.
You closely miss the wolf. Your grab misses the wolf.
The wolf is moderately wounded.
You feel sick. The wolf misses you. The wolf completely misses you.
You completely miss the wolf. Your grab misses the wolf.
The wolf is moderately wounded.
You feel sick. The wolf bites you.
* * * LOW HITPOINT WARNING * * *
Unknown command.
You miss the wolf. Your grab misses the wolf.
The wolf is moderately wounded.
You feel sick. The wolf closely misses you.
You closely miss the wolf. Your grab misses the wolf.
The wolf is moderately wounded.
You feel sick. The wolf bites you.
* * * LOW HITPOINT WARNING * * *
The wolf bites you!
You die...

...## #### #P.÷. ....###
#..###### #P... ......#
##.......## #.... .....P
##.........### ### #.... .....#
###...Y........###.###....
.....###.....#k..#.......#.......
....†P##...#######.........##....
......##.Y.# ###.........##....
....#.w.Y.P# #S#...............
..(......### ####h...........####
....<...## #P.....#.........# #
..##.PP## ####....###........#
######## ##.♣.S#### ##......####
#.....#.# #.....##... #♣.>.♣.##
##.....#.... #.......#
#......#.... #†.†.####
#...........


You could see a wolf.

Vanquished Creatures
  A minotaur (Gauntlet)
  Harold (Lair:1)
  A catoblepas (Lair:4)
  A two-headed ogre (D:9)
  2 death yaks
  Urug (Lair:1)
  A skyshark (Lair:2)
  Pikel (D:5)
  12 elephants (Lair:4)
  A worldbinder (Gauntlet)
  A guardian serpent (Lair:2)
  A black mamba (Lair:1)
  A torpor snail (Lair:4)
  A kobold demonologist (D:11)
  5 cane toads
  Psyche (D:10)
  A rime drake (Lair:4)
  9 komodo dragons
  3 trolls
  2 polar bears
  10 blink frogs
  A large abomination (Gauntlet)
  42 yaks
  2 shadows
  A wraith (D:10)
  3 fire bats (Gauntlet)
  8 wyverns
  A steam dragon (D:10)
  3 basilisks
  Menkaure (D:5)
  4 small abominations (Gauntlet)
  11 water moccasins
  3 acid dragons
  An ice beast (D:4)
  An orc warrior (D:9)
  A black bear (D:5)
  2 ogres
  3 boggarts (Gauntlet)
  27 wolves
  2 centaurs
  A lemure (D:5)
  3 phantoms
  2 kobold brigands
  10 bullfrogs
  2 gnoll sergeants
  4 scorpions
  7 wights
  19 killer bees
  An electric eel (D:8)
  4 hounds
  5 jellies
  A gnoll bouda (D:8)
  5 orc priests
  Crazy Yiuf (D:5)
  2 sleepcaps (D:5)
  Jessica (D:2)
  2 iguanas
  6 orc wizards
  7 hell rats (Lair:1)
  Terence (D:3)
  18 gnolls
  2 adders
  2 shadow imps (D:7)
  A white imp (D:7)
  An ufetubus (D:7)
  4 worms
  4 dart slugs
  18 orcs
  5 endoplasms
  6 goblins
  10 hobgoblins
  3 quokkas
  4 ball pythons
  6 bats
  8 frilled lizards
  9 kobolds
  2 rats (D:1)
361 creatures vanquished.

Vanquished Creatures (others)
  A komodo dragon (Lair:3)
  A wyvern (D:9)
  An orc warrior (D:9)
  2 gnoll sergeants (D:9)
5 creatures vanquished.

Grand Total: 366 creatures vanquished

Notes
Turn   | Place    | Note
-------+----------+-------------------------------------------
     0 | D:1      | CrazyBamboolord the Troll Shapeshifter began the quest for
                  | the Orb.
     0 | D:1      | Reached XP level 1. HP: 18/18 MP: 0/0
    24 | D:1      | Reached skill level 1 in Fighting
   147 | D:1      | Reached XP level 2. HP: 27/27 MP: 1/1
   635 | D:1      | Found a faded altar of an unknown god.
   751 | D:2      | Reached XP level 3. HP: 33/33 MP: 2/2
  1392 | D:2      | Noticed Jessica
  1401 | D:2      | Killed Jessica
  1402 | D:2      | Reached XP level 4. HP: 35/41 MP: 3/3
  1763 | D:3      | Found a basalt altar of Yredelemnul.
  1765 | D:3      | Found a shadowy altar of Dithmenos.
  1765 | D:3      | Found an opulent altar of Gozag.
  1915 | D:3      | Reached XP level 5. HP: 25/49 MP: 4/4
  1980 | D:3      | Reached skill level 4 in Unarmed Combat
  2138 | D:3      | Noticed Terence
  2141 | D:3      | Killed Terence
  2382 | D:4      | Reached XP level 6. HP: 54/59 MP: 5/5
  2562 | D:4      | Found a bloodstained altar of Trog.
  2765 | D:4      | Noticed an ice beast
  2789 | D:4      | Killed an ice beast
  3070 | D:4      | Reached XP level 7. HP: 64/67 MP: 6/6
  3093 | D:5      | Entered Level 5 of the Dungeon
  3167 | D:5      | Noticed Menkaure
  3173 | D:5      | Killed Menkaure
  3174 | D:5      | Reached skill level 5 in Unarmed Combat
  3212 | D:5      | Noticed Pikel
  3226 | D:5      | Killed Pikel
  3227 | D:5      | Reached skill level 5 in Shapeshifting
  3227 | D:5      | Reached XP level 8. HP: 75/78 MP: 7/7
  3640 | D:5      | Reached skill level 6 in Unarmed Combat
  3832 | D:5      | Found a runed translucent door.
  3833 | D:5      | Noticed Crazy Yiuf
  4022 | D:5      | Killed Crazy Yiuf
  4353 | D:5      | Reached skill level 5 in Dodging
  4567 | D:6      | Reached XP level 9. HP: 86/87 MP: 8/8
  4624 | D:6      | Reached skill level 5 in Fighting
  4799 | D:6      | Found a hazy altar of Hepliaklqana.
  4883 | D:6      | Found a broken altar of Ashenzari.
  4886 | D:6      | Found a sparkling altar of Nemelex Xobeh.
  4887 | D:6      | Found a sacrificial altar of Ru.
  4888 | D:6      | Found a snail-covered altar of Cheibriados.
  4894 | D:6      | Became a worshipper of Ru the Awakened
  5169 | D:7      | Found an iron altar of Okawaru.
  5227 | D:7      | Reached skill level 7 in Unarmed Combat
  5314 | D:7      | Found a staircase to the Ecumenical Temple.
  5419 | D:7      | Found a blossoming altar of Fedhas.
  5421 | D:7      | Found a stormy altar of Qazlal.
  6016 | D:8      | Gained mutation: You are hated by all. [Ru sacrifice]
  6016 | D:8      | Reached * piety under Ru
  6016 | D:8      | Reached ** piety under Ru
  6203 | D:7      | Reached XP level 10. HP: 38/98 MP: 9/9
  6270 | D:8      | Got a loosely-bound book
  6388 | D:8      | Reached skill level 8 in Unarmed Combat
  6687 | D:8      | Found a white marble altar of Elyvilon.
  6798 | D:9      | Found Ummasut's Antique Armour Shoppe.
  6798 | D:9      | Noticed a two-headed ogre
  6805 | D:9      | Killed a two-headed ogre
  7558 | D:9      | Found a shimmering altar of Xom.
  7572 | D:9      | Paralysed by a hornet for 3 turns
  7573 | D:9      | Reached skill level 9 in Unarmed Combat
  7575 | D:9      | HP: 4/102 [poisoned by a hornet]
  7817 | D:9      | Found an ornate altar of the Wu Jian Council.
  7989 | D:10     | Entered Level 10 of the Dungeon
  8186 | D:10     | Reached XP level 11. HP: 100/109 MP: 10/10
  8234 | D:10     | Found a staircase to the Lair.
  8238 | D:10     | Found a runed translucent door.
  8249 | D:10     | Noticed Psyche
  8263 | D:10     | Killed Psyche
  8275 | D:10     | Noticed a deep elf knight
  8275 | D:10     | Noticed a necromancer
  8277 | D:10     | Noticed a deep elf knight
  8277 | D:10     | Noticed a lich
  8277 | D:10     | Noticed a deep elf pyromancer
  8279 | D:10     | Noticed Vontreibholz's ghost (journeyman MiFi)
  8281 | D:10     | Found a runed translucent door.
  9136 | D:11     | Found a gate leading to a gauntlet.
  9145 | Gauntlet | Entered a Gauntlet
  9145 | Gauntlet | Found a transporter.
  9157 | Gauntlet | Found a transporter.
  9159 | Gauntlet | Found a transporter.
  9166 | Gauntlet | Found a transporter.
  9166 | Gauntlet | Found the amulet of the Air {Inacc Air Fly rElec RMsl}
  9181 | Gauntlet | Found a transporter.
  9183 | Gauntlet | Found a large runed translucent door.
  9183 | Gauntlet | Found a large runed translucent door.
  9184 | Gauntlet | Found a large runed translucent door.
  9184 | Gauntlet | Found a large runed translucent door.
  9184 | Gauntlet | Noticed a quicksilver ooze
  9185 | Gauntlet | Found a large runed translucent door.
  9185 | Gauntlet | Found a large runed translucent door.
  9185 | Gauntlet | Found a runed translucent door.
  9185 | Gauntlet | Found a runed translucent door.
  9185 | Gauntlet | Found a large runed translucent door.
  9186 | Gauntlet | Found a transporter.
  9203 | Gauntlet | Found a transporter.
  9204 | Gauntlet | Gained mutation: You are slightly weak-willed. (Will-) [Ru
                  | sacrifice]
  9204 | Gauntlet | Reached *** piety under Ru
  9217 | Gauntlet | Found a large runed translucent door.
  9217 | Gauntlet | Noticed a balrug
  9218 | Gauntlet | Found a large runed translucent door.
  9219 | Gauntlet | Found a large runed translucent door.
  9219 | Gauntlet | Found a large runed translucent door.
  9220 | Gauntlet | Found a runed translucent gate.
  9221 | Gauntlet | Found a transporter.
  9221 | Gauntlet | Found a runed translucent gate.
  9222 | Gauntlet | Found a runed translucent gate.
  9223 | Gauntlet | Found a large runed translucent door.
  9223 | Gauntlet | Found a large runed translucent door.
  9224 | Gauntlet | Found a large runed translucent door.
  9225 | Gauntlet | Found a large runed translucent door.
  9233 | Gauntlet | Found a transporter.
  9245 | Gauntlet | Found a transporter.
  9257 | Gauntlet | Found a transporter.
  9260 | Gauntlet | Noticed a ghost crab
  9269 | Gauntlet | Found a transporter.
  9271 | Gauntlet | Noticed a fire crab
  9277 | Gauntlet | Found a transporter.
  9277 | Gauntlet | Found a transporter.
  9319 | Gauntlet | Found a transporter.
  9338 | Gauntlet | Noticed a shining eye
  9347 | Gauntlet | Found a transporter.
  9425 | Gauntlet | Found a transporter.
  9445 | Gauntlet | Found a transporter.
  9461 | Gauntlet | Found a large runed translucent door.
  9461 | Gauntlet | Noticed a fire crab
 10128 | Gauntlet | Noticed a sixfirhy
 10504 | Gauntlet | Noticed a minotaur
 10513 | Gauntlet | Killed a minotaur
 10842 | D:11     | Reached skill level 10 in Unarmed Combat
 11284 | Lair:1   | Entered Level 1 of the Lair of Beasts
 11443 | Lair:1   | Noticed Harold
 11454 | Lair:1   | Killed Harold
 11465 | Lair:1   | Reached XP level 12. HP: 30/122 MP: 11/11
 11650 | Lair:1   | Noticed a death yak
 11650 | Lair:1   | Noticed a death yak
 11689 | Lair:1   | Killed a death yak
 11798 | D:10     | Killed a death yak
 11848 | D:10     | Reached skill level 10 in Shapeshifting
 12100 | Lair:1   | Noticed Urug
 12117 | Lair:1   | Killed Urug
 12118 | Lair:1   | Reached skill level 11 in Unarmed Combat
 12205 | Lair:1   | Reached skill level 1 in Throwing
 12540 | Lair:1   | Gained mutation: You are missing an eye, making it more
                  | difficult to aim. [Ru sacrifice]
 12540 | Lair:1   | Reached **** piety under Ru
 12977 | Lair:2   | Found a staircase to the Snake Pit.
 13055 | Lair:2   | Noticed Rakso2454's ghost (journeyman MiMo)
 13100 | Lair:2   | Found a transporter.
 13110 | Lair:2   | Found a transporter.
 14109 | Lair:3   | Found a staircase to the Shoals.
 14298 | Lair:3   | Reached XP level 13. HP: 131/131 MP: 12/12
 14776 | Lair:4   | Gained mutation: You cannot be stealthy. [Ru sacrifice]
 14776 | Lair:4   | Reached ***** piety under Ru
 15314 | Lair:4   | Reached skill level 12 in Unarmed Combat
 15356 | Lair:4   | Reached skill level 10 in Dodging
 15455 | Lair:4   | Slain by a wolf

Illustrated notes

Levels and vault maps discovered:
D:1:      psy_arrival_basics, layout_basic, basic_ecumenical_altar,
          kennysheep_pointless_box
D:2:      layout_basic, kennysheep_jessica_study
D:3:      layout_basic, chequers_temple_overflow_statue_of_worship, uniq_terence
D:4:      layout_gridville, amcnicky_altar_gilded
D:5:      layout_basic, minmay_pentangle, uniq_pikel, uniq_menkaure,
          uniq_crazy_yiuf_cottage
D:6:      layout_cave_pools, lemuel_tele_altar, mainiacjoe_overflow_alcove_3,
          minmay_splitting_lines, fountainhead, nrook_campfire
D:7:      layout_cave_pods, grunt_temple_overflow_forces_of_nature,
          mainiacjoe_overflow_six_doors_small, minmay_temple_entry_sparse_star
D:8:      layout_cave_pools, nicolae_elyvilon_temple_path
D:9:      layout_loops_ring, mainiacjoe_overflow_alcove_4, xom_confusion_cloud,
          serial_shops, shop
D:10:     layout_loops_ring, lair_entry_dummy, muffindrake_ghost_dual_entry,
          uniq_psyche
D:11:     layout_roguey, gauntlet_entry_generic
Lair:1:   layout_gridlike, beast_lair_carwin_5, lemuel_fruit_tree,
          grunt_megastairs_4, uniq_urug, uniq_harold
Lair:2:   layout_roguey, minmay_snake_entry_spellcaster, gammafunk_ghost_hive,
          infiniplex_staircase_pool
Lair:3:   layout_regular_city, shoals_dummy_entry, serial_bayou_shore_b,
          infiniplex_staircase_pool_2, grunt_megastairs_2
Lair:4:   layout_layer_cave, minivault_19, beast_lair_carwin_10,
          grunt_megastairs_3

Skill      XL: |  1  2  3  4  5  6  7  8  9 10 11 12 13 |
---------------+----------------------------------------+-----
Fighting       | 1 2 3 4 6 7 8 9 |  9.9
Dodging        | 2 3 4 5 6 7 8 9 10 | 10.0
Unarmed Combat | 4 5 6 7 9 10 11 12 | 12.0
Shapeshifting  | 4 5 6 7 8 9 10 11 | 11.2
Throwing       | 2 3 |  3.1

Action                     |  1- 3 |  4- 6 |  7- 9 | 10-12 | 13-15 || total
---------------------------+-------+-------+-------+-------+-------++-------
  Melee: Unarmed           |    71 |   112 |   246 |   695 |   199 ||  1323
         Punch             |       |     1 |     9 |     2 |     1 ||    13
         Constrict         |       |       |       |    18 |    14 ||    32
 Invoke: Sacrifice Love    |       |       |     1 |       |       ||     1
         Sacrifice Essence |       |       |       |     1 |       ||     1
         Sacrifice an Eye  |       |       |       |     1 |       ||     1
         Sacrifice Stealth |       |       |       |       |     1 ||     1
  Evoke: Wand              |       |       |     2 |     8 |       ||    10
    Use: Scroll            |       |     1 |     7 |    14 |       ||    22
         Potion            |       |       |     3 |    12 |     3 ||    18
   Stab: Invisible         |       |       |       |     3 |     2 ||     5
         Distracted        |       |       |       |     2 |     1 ||     3
 Armour: Animal skin       |    40 |    85 |   219 |   287 |       ||   631
         Skin              |       |       |    66 |   126 |   213 ||   405
         Troll leather arm |       |       |       |   223 |       ||   223
         Fire dragon scale |       |       |       |    19 |       ||    19
  Dodge: Dodged            |    31 |    64 |   161 |   415 |   123 ||   794
         Repelled          |       |       |       |       |     1 ||     1
   Form: Flux              |       |       |       |     3 |       ||     3
         Blade             |       |       |       |     3 |       ||     3
         Anaconda          |       |       |       |     3 |       ||     3
                           |       |       |       |     2 |       ||     2

Table legend: (Time is in decaauts)
 A = Elapsed time spent in this place.
 B = Non-inter-level travel time spent in this place.
 C = Inter-level travel time spent in this place.
 D = Time resting spent in this place.
 E = Time spent auto-exploring this place.
 F = Levels seen in this place.
 G = Mean time per level.
                   A        B        C        D        E       F      G
               +--------+--------+--------+--------+--------+-----+--------+
         Total |  15247 |  14699 |    548 |    888 |   9991 |  16 |  952.9 |
       Dungeon |  10013 |   9555 |    458 |    588 |   7092 |  11 |  910.3 |
          Lair |   3820 |   3731 |     89 |     63 |   2624 |   4 |  955.0 |
      Gauntlet |   1412 |   1412 |      0 |    237 |    275 |   1 | 1412.0 |
               +--------+--------+--------+--------+--------+-----+--------+

Top non-repeatable levels by time:
Gauntlet: 1412 daAuts
     D:5: 1292 daAuts
    D:10: 1285 daAuts
     D:9: 1242 daAuts
  Lair:1: 1230 daAuts
     D:7: 1105 daAuts
  Lair:3: 938 daAuts
  Lair:2: 914 daAuts
     D:2: 908 daAuts
    D:11: 746 daAuts
     D:1: 744 daAuts
  Lair:4: 737 daAuts
     D:4: 733 daAuts
     D:3: 694 daAuts
     D:8: 645 daAuts
